 Dungeon Crawl Stone Soup version 0.29-a0-837-g174bc33265 (webtiles) character file.

Game seed: 17242754841213830844

30 PentaManta the Ducker (level 3, 0/27 HPs)
             Began as a Merfolk Gladiator on July 13, 2022.
             Constricted to death by a ball python (1 damage)
             ... on level 3 of the Dungeon.
             The game lasted 00:01:46 (1279 turns).

PentaManta the Ducker (Merfolk Gladiator)           Turns: 1279, Time: 00:01:47

Health: 0/27       AC:  5    Str: 14    XL:     3   Next: 18%
Magic:  3/3        EV: 11    Int:  7    God:
Gold:   30         SH:  0    Dex: 17    Spells: 2/2 levels left

rFire   . . .      SeeInvis .   f - +0 short sword
rCold   . . .      Faith    .   (no shield)
rNeg    . . .      Spirit   .   b - +0 leather armour
rPois   .          Reflect  .   c - +0 helmet
rElec   .          Harm     .   h - +0 cloak
rCorr   .          Rampage  .   (no gloves)
Will    .....                   (no boots)
Stlth   +.........              (no amulet)
HPRegen 0.09/turn               (no ring)
MPRegen 0.08/turn               (no ring)

@: constricted
A: (nimble swimmer 2), mertail
a: no special abilities


You were on level 3 of the Dungeon.
You visited 1 branch of the dungeon, and saw 3 of its levels.

You collected 30 gold pieces.

Inventory:

Hand Weapons
 a - a +0 long sword
 f - a +0 short sword (weapon)
Missiles
 d - 3 throwing nets (quivered)
 e - a javelin
 n - 4 poisoned darts
Armour
 b - a +0 leather armour (worn)
 c - a +0 helmet (worn)
 h - a +0 cloak (worn)
Jewellery
 j - a +6 ring of intelligence
Scrolls
 i - a scroll of identify
 l - a scroll of enchant weapon {unknown}
 p - a scroll of fog {unknown}
Potions
 m - a potion of flight {unknown}
 o - a potion of brilliance {unknown}


   Skills:
 - Level 2.1 Fighting
 + Level 4.4 Long Blades
 - Level 2.0 Throwing
 + Level 4.9 Dodging


You had 2 spell levels left.
You didn't know any spells.
Your spell library contained the following spells:

 Spells                   Type           Power      Damage    Failure   Level
 Dispersal                Tloc           0%         N/A       100%        6
 Disjunction              Tloc           0%         N/A       100%        8


Dungeon Overview and Level Annotations

Branches:
Dungeon (3/15)

Altars:


Innate Abilities, Weirdness & Mutations

((You are very nimble when in or above water. (Stealth+, EV+, Speed+++)))
Your lower body shifts to a powerful aquatic tail in water.


Message History

The adder is almost dead.
The ball python bites you but does no damage.
The ball python constricts you. The adder bites you but does no damage.
You miss the adder.
The adder is almost dead.
The adder barely misses you. The ball python bites you.
* * * LOW HITPOINT WARNING * * *
The ball python constricts you.
Unknown command.
You closely miss the adder.
The adder is almost dead.
The adder closely misses you.
The ball python bites you but does no damage.
The ball python constricts you.
You barely miss the adder.
The adder is almost dead.
The adder bites you but does no damage.
The ball python bites you but does no damage.
The ball python constricts you. The adder barely misses you.
You miss the adder.
The adder is almost dead.
The ball python barely misses you. The ball python constricts you.
The adder bites you.
* * * LOW HITPOINT WARNING * * *
The ball python closely misses you. The ball python constricts you.
You closely miss the adder.
The adder is almost dead.
The adder closely misses you.
The ball python bites you but does no damage.
The ball python constricts you.
You closely miss the adder.
The adder is almost dead.
The adder bites you but does no damage. The ball python bites you.
* * * LOW HITPOINT WARNING * * *
The ball python constricts you.
You barely miss the adder.
The adder is almost dead.
The adder barely misses you. The ball python closely misses you.
The ball python constricts you.
You die...

# #####
....#####......
≈≈≈..JS@Sb.#
≈≈≈≈..####.#
≈≈≈≈. ≈≈≈≈ ≈≈≈
.? #


You could see an adder, an endoplasm, a bat and a ball python.

Vanquished Creatures
  2 endoplasms (D:1)
  3 giant cockroaches
  2 goblins (D:1)
  2 hobgoblins (D:1)
  A jackal (D:3)
  A quokka (D:1)
  3 ball pythons
  2 bats
  A frilled lizard (D:1)
  4 kobolds (D:1)
  7 rats (D:1)
28 creatures vanquished.

Notes
Turn   | Place    | Note
-------+----------+-------------------------------------------
     0 | D:1      | PentaManta the Merfolk Gladiator began the quest for the
                  | Orb.
     0 | D:1      | Reached XP level 1. HP: 16/16 MP: 1/1
   157 | D:1      | Reached XP level 2. HP: 20/22 MP: 2/2
   708 | D:1      | Found a faded altar of an unknown god.
   970 | D:1      | Reached XP level 3. HP: 16/27 MP: 3/3
  1278 | D:3      | HP: 1/27 [ball python (1)]
  1279 | D:3      | Constricted to death by a ball python

Illustrated notes

Levels and vault maps discovered:
D:1:      minmay_arrival_diagonal_passages, layout_basic,
          ebering_ecumenical_altar_ruins, nicolae_titane
D:2:      minmay_recursive_quarters, layout_rooms, serial_shops,
          nicolae_diamond_shop, minmay_tripent, uniq_terence
D:3:      layout_basic, serial_shops, nicolae_lakefront_shop,
          chequers_mini_garden, uniq_robin, uniq_grinder,
          uniq_crazy_yiuf_cottage

Skill      XL: |  1 |
---------------+----+-----
Long Blades    | 4 |  4.4
Fighting       | |  2.1
Throwing       | |  2.0
Dodging        | |  4.9

Action                   || total
-------------------------++-------
Melee: Short sword       ||   107
       Long sword        ||     2
  Use: Scroll            ||     2
       Potion            ||     1
Armor: Leather armour    ||    52
Dodge: Dodged            ||   133

Table legend: (Time is in decaauts)
 A = Elapsed time spent in this place.
 B = Non-inter-level travel time spent in this place.
 C = Inter-level travel time spent in this place.
 D = Time resting spent in this place.
 E = Time spent auto-exploring this place.
 F = Levels seen in this place.
 G = Mean time per level.
                   A        B        C        D        E       F      G
               +--------+--------+--------+--------+--------+-----+--------+
         Total |   1276 |   1261 |     15 |      0 |    964 |   3 |  425.3 |
       Dungeon |   1276 |   1261 |     15 |      0 |    964 |   3 |  425.3 |
               +--------+--------+--------+--------+--------+-----+--------+

Top non-repeatable levels by time:
     D:1: 1166 daAuts
     D:2: 95 daAuts
     D:3: 14 daAuts
